 Dungeon Crawl Stone Soup version 0.20-a0-1124-g2e29d97 (webtiles) character file.

3580 Naow the Cleaver (level 10, -2/70 HPs)
             Began as a Formicid Fighter on May 16, 2017.
             Was an Initiate of Okawaru.
             Slain by a two-headed ogre
             ... wielding a +0 giant spiked club
              (20 damage)
             ... on level 8 of the Dungeon.
             The game lasted 00:12:17 (8619 turns).

Naow the Cleaver (Formicid Fighter)                 Turns: 8619, Time: 00:12:18

Health: -2/70      AC: 13    Str: 23    XL:     10   Next: 31%
Magic:  12/12      EV:  6    Int:  9    God:    Okawaru [......]
Gold:   453        SH: 11    Dex: 10    Spells: 9/9 levels left

rFire    . . .     SeeInvis +   D - +3 battleaxe (freeze) (curse)
rCold    + + .     Gourm    .   c - +0 shield
rNeg     . . .     Faith    .   z - +0 plate armour
rPois    .         Spirit   .   (helmet unavailable)
rElec    .         Reflect  .   (no cloak)
rCorr    .         Harm     .   (no gloves)
MR       ++...                  v - +0 pair of boots
Stlth    ..........             w - amulet "Linisuoc" {rC+ Regen+}
Regen    0.7/turn               (no ring)
MPRegen  0.2/turn               (no ring)

@: no status effects
A: permanent stasis, dig shafts and tunnels, four strong arms, antennae 3,
hooves 1, cold resistance 1, magic resistance 1
a: Dig, Shaft Self, Renounce Religion


You were on level 8 of the Dungeon.
You worshipped Okawaru.
Okawaru was noncommittal.
You were not hungry.

You visited 2 branches of the dungeon, and saw 9 of its levels.

You collected 453 gold pieces.

Inventory:

Hand Weapons
 a - a +0 war axe
 D - a cursed +3 battleaxe of freezing (weapon)
Armour
 b - a +0 scale mail
 c - a +0 shield (worn)
 v - a +0 pair of boots (worn)
 z - a +0 plate armour (worn)
Jewellery
 w - the amulet "Linisuoc" (around neck) {rC+ Regen+}
   (You found it on level 5 of the Dungeon)

   [amulet of regeneration]

   It protects you from cold.
   It increases your rate of regeneration.
 G - a cursed amulet of inaccuracy {unknown}
 H - a cursed amulet of rage {unknown}
Wands
 t - a wand of iceblast (12/15)
 y - a wand of paralysis (17/24)
 C - a wand of disintegration (14/24)
 E - a wand of acid (9/15)
Scrolls
 d - 2 scrolls of enchant armour {unknown}
 e - 10 scrolls of identify {unknown}
 i - 4 scrolls of teleportation {unknown}
 j - a scroll of fog {unknown}
 m - a scroll of amnesia {unknown}
 s - a scroll of random uselessness {unknown}
 u - a scroll of magic mapping {unknown}
 J - a scroll of remove curse {unknown}
Potions
 g - 2 potions of mutation
 h - 2 potions of brilliance {unknown}
 k - 5 potions of flight {unknown}
 p - a potion of heal wounds {unknown}
 q - 2 potions of agility {unknown}
 r - 5 potions of lignification {unknown}
 x - a potion of berserk rage {unknown}
 A - a potion of ambrosia {unknown}
 B - a potion of curing {unknown}
 I - a potion of resistance {unknown}
Books
 n - a book of Minor Magic

   Spells                             Type                      Level
   a - Magic Dart                     Conjuration                  1
   b - Blink                          Translocation                2
   c - Call Imp                       Summoning                    2
   d - Slow                           Hexes                        2
   e - Conjure Flame                  Conjuration/Fire             3
   f - Mephitic Cloud                 Conjuration/Poison/Air       3
Comestibles
 f - 5 bread rations
 l - 2 royal jellies
 o - 11 fruits


   Skills:
 - Level 3.2 Fighting
 * Level 11.5 Axes
 - Level 5.1 Armour
 - Level 9.0 Shields
 + Level 2.8 Invocations


You had 9 spell levels left.
You didn't know any spells.

Dungeon Overview and Level Annotations

Branches:
Dungeon (8/15)             Temple (1/1) D:7
   Lair: D:8-11

Altars:
Cheibriados
Elyvilon
Fedhas
Gozag
Hepliaklqana
Kikubaaqudgha
Makhleb
Nemelex Xobeh
Okawaru
Ru
Sif Muna
Trog
Vehumet
Wu Jian
Xom
Yredelemnul
Zin
The Shining One

Annotations:
D:5 exclusion: statue


Innate Abilities, Weirdness & Mutations

You cannot be hasted, slowed, berserked, paralysed or teleported.
You can dig through walls and to a lower floor.
Your four strong arms can wield two-handed weapons with a shield.
You have a pair of large antennae on your head. (SInv)
You have large cloven feet.
Your flesh is cold resistant. (rC+)
You are resistant to hostile enchantments. (MR+)


Message History

You see here a club.
The orc wizard mumbles some strange words.
The orc wizard blinks!
The orc wizard casts a spell.
The orc wizard blinks!
You block the orc wizard's attack.
You barely miss the orc wizard. You slash the two-headed ogre!
You freeze the two-headed ogre. The orc wizard closely misses you.
The two-headed ogre hits you with a giant spiked club!
You block the two-headed ogre's attack.
The orc wizard points at you and mumbles some strange words.
The magic dart hits you!
* * * LOW HITPOINT WARNING * * *
Okay, then.
You miss the orc wizard. You hit the two-headed ogre.
You freeze the two-headed ogre.
The orc wizard gestures wildly while chanting.
The orc wizard blinks!
The two-headed ogre hits you with a giant spiked club!!
You die...

###+#.#....##.#.## ####.##.#.....
.......>...'.....###....##.#.####
.....##....####...##....##.#.#...
..... #............'.............
..... ##...####.#.##.....#.#.###.
..... ##### #............#.# #.
##### #.#..#.....###.. .|
##################.#.....# #####.
#.o......)o....O@o......... ..
#o################.####..#######.
#.# #..#............
{.#################.####+###.####
..'..............................
..##.....###########........#####
^...............# #........#
................# #........####
......#####.....# #..##+##(...#


You could see a two-headed ogre, an orc wizard and an orc.

Vanquished Creatures
  Pikel (D:3)
  Menkaure (D:4)
  A water moccasin (D:7)
  3 ice beasts (D:6)
  2 phantoms
  A sky beast (D:5)
  5 ogres
  2 centaurs
  Blork the orc (D:4)
  2 bullfrogs (D:7)
  A water moccasin skeleton (D:4)
  2 scorpions
  4 wights (D:6)
  A howler monkey (D:4)
  3 crimson imps
  A jelly (D:4)
  2 bullfrog zombies
  5 orc priests
  Ijyb (D:4)
  2 hounds
  11 orc wizards
  A centaur skeleton (D:7)
  3 iguanas (D:5)
  4 worker ants
  2 hound zombies
  A howler monkey zombie (D:5)
  A worker ant zombie (D:5)
  9 adders
  5 shadow imps
  An ooze (D:1)
  An adder skeleton (D:4)
  2 worms
  2 dart slugs
  7 leopard geckos
  30 orcs
  A ball python (D:2)
  5 bats
  4 giant cockroaches
  4 hobgoblins
  16 jackals
  4 kobolds
  2 quokkas
  7 frilled lizards
  7 goblins
  2 leopard gecko skeletons
  A leopard gecko zombie (D:5)
  2 quokka skeletons
  5 rats
181 creatures vanquished.

Vanquished Creatures (others)
  4 slaves (D:4)
  An orc (D:4)
  A fungus (D:4)
  2 plants (D:4)
8 creatures vanquished.

Grand Total: 189 creatures vanquished

Notes
Turn   | Place    | Note
-------+----------+-------------------------------------------
     0 | D:1      | Naow the Formicid Fighter began the quest for the Orb.
     0 | D:1      | Reached XP level 1. HP: 18/18 MP: 1/1
   197 | D:1      | Reached XP level 2. HP: 21/24 MP: 2/2
   438 | D:1      | Reached XP level 3. HP: 26/29 MP: 3/3
   454 | D:1      | Reached skill level 3 in Axes
   707 | D:1      | Found a snail-covered altar of Cheibriados.
  1298 | D:2      | Reached XP level 4. HP: 30/35 MP: 4/4
  2039 | D:3      | Reached skill level 4 in Axes
  2053 | D:3      | Reached XP level 5. HP: 37/41 MP: 5/5
  2722 | D:4      | Noticed a phantom
  2909 | D:4      | Noticed Menkaure
  2909 | D:4      | Noticed Blork the orc
  2982 | D:4      | Reached skill level 5 in Shields
  3216 | D:4      | Killed Blork the orc
  3216 | D:4      | Reached skill level 5 in Axes
  3216 | D:4      | Reached XP level 6. HP: 34/47 MP: 6/6
  3330 | D:4      | Noticed Pikel
  3330 | D:4      | Noticed a slave
  3331 | D:4      | Noticed a slave
  3331 | D:4      | Noticed a slave
  3332 | D:4      | Noticed a slave
  3485 | D:3      | Gained mutation: You are resistant to hostile enchantments. (MR+) [potion of mutation]
  3485 | D:3      | Gained mutation: You have large cloven feet. [potion of mutation]
  3485 | D:3      | Gained mutation: Your flesh is cold resistant. (rC+) [potion of mutation]
  3491 | D:3      | Killed Pikel
  3491 | D:3      | Reached skill level 7 in Axes
  3491 | D:3      | Reached XP level 7. HP: 14/52 MP: 7/7
  3491 | D:3      | Reached XP level 8. HP: 16/58 MP: 8/8
  3996 | D:4      | Killed Menkaure
  4348 | D:4      | Found a sacrificial altar of Ru.
  4439 | D:4      | Reached skill level 8 in Axes
  4633 | D:4      | Noticed Ijyb
  4643 | D:4      | Killed Ijyb
  5023 | D:5      | Entered Level 5 of the Dungeon
  5202 | D:5      | Got a clouded lead amulet
  5298 | D:5      | Reached XP level 9. HP: 51/64 MP: 9/9
  5346 | D:4      | Reached skill level 9 in Axes
  6058 | D:5      | Found a radiant altar of Vehumet.
  6433 | D:6      | Identified the amulet "Linisuoc" {rC+ Regen+} (You found it on level 5 of the Dungeon)
  6548 | D:6      | Reached skill level 10 in Axes
  6669 | D:6      | Noticed an angel
  6672 | D:6      | Found a shimmering altar of Xom.
  6686 | D:6      | Found a glowing silver altar of Zin.
  6904 | D:6      | Reached XP level 10. HP: 46/70 MP: 10/10
  7416 | D:6      | Reached skill level 5 in Armour
  7455 | D:7      | Reached skill level 11 in Axes
  7465 | D:7      | Found a staircase to the Ecumenical Temple.
  7494 | Temple   | Entered the Ecumenical Temple
  7511 | Temple   | Became a worshipper of Warmaster Okawaru
  7556 | D:7      | Found an ornate altar of the Wu Jian Council.
  7705 | D:7      | Reached skill level 1 in Invocations
  8522 | D:8      | Found a blossoming altar of Fedhas.
  8523 | D:8      | Found an ancient bone altar of Kikubaaqudgha.
  8584 | D:8      | Noticed a two-headed ogre
  8619 | D:8      | Slain by a two-headed ogre

Vault maps used:
D:1:      mrwooster_arrival_arrow, cheibriados_altar_1
D:2:      first_bread
D:4:      nicolae_ru_the_path_less_chosen, uniq_menkaure, uniq_blork_the_orc,
          uniq_pikel, uniq_ijyb
D:5:      lemuel_ice_spiral_2, vehumet_statue
D:6:      grunt_temple_overflow_order_and_chaos_1
D:7:      lemuel_crystal_altar, minmay_temple_entry_grid
D:8:      cheibrodos_statue_roulette, grunt_temple_overflow_growth_and_decay
Temple:   eino_wide_crystal_templ

Skill      XL: |  1  2  3  4  5  6  7  8  9 10 |
---------------+-------------------------------+-----
Shields        | 4 5 6 8 9 |  9.0
Axes           | 3 4 5 7 8 10 11 | 11.5
Armour         | 4 5 |  5.1
Invocations    | 2 |  2.8
Fighting       | |  3.2

Action                   |  1- 3 |  4- 6 |  7- 9 | 10-12 || total
-------------------------+-------+-------+-------+-------++-------
Melee: War axe           |   109 |   147 |   300 |    53 ||   609
       Kick              |       |     3 |    44 |       ||    47
       Battleaxe         |       |       |       |    69 ||    69
  Use: Potion            |       |     2 |       |       ||     2
  Eat: Chunk             |     1 |     8 |    11 |     5 ||    25
Armor: Scale mail        |    49 |    47 |    41 |       ||   137
       Plate armour      |       |       |    34 |    49 ||    83
Dodge: Dodged            |    34 |    47 |    60 |    30 ||   171
Block: Shield            |    54 |    70 |   153 |    55 ||   332
